 Dungeon Crawl Stone Soup version 0.29.1-12-g30fa7ad0bf (webtiles) character file.

Game seed: 7305101294677157014

508258 Gabide the Black Sun (level 24, -27/195 HPs)
             Began as a Mummy Necromancer on Dec 12, 2022.
             Was a High Priest of Kikubaaqudgha.
             Annihilated by a reaper
             ... wielding a +5 scythe of venom
             ... called by a doom hound
              (28 damage)
             ... on level 1 of the Crypt on Dec 13, 2022.
             The game lasted 05:47:05 (84245 turns).

Gabide the Black Sun (Mummy Necromancer)           Turns: 84245, Time: 05:47:09

Health: -27/195    AC: 16    Str: 15    XL:     24   Next: 24%
Magic:  12/44      EV: 20    Int: 32    God:    Kikubaaqudgha [*****.]
Gold:   3644       SH: 13    Dex: 14    Spells: 11/57 levels left

rFire   . . .      SeeInvis .   f - +9 flail of Exoneration {chaos, rElec rF+ Int+2}
rCold   + . .      Faith    .   y - +3 buckler
rNeg    + + +      Spirit   .   S - +2 robe {Archmagi}
rPois   ∞          Reflect  +   W - +2 helmet "Linaus" {rN+}
rElec   +          Harm     .   j - +2 cloak
rCorr   .          Rampage  .   e - +2 pair of gloves {Stlth+}
Will    ++++.      Archmagi +   F - +2 pair of boots
Stlth   +++.......              G - amulet of reflection
HPRegen 0.42/turn               L - ring of willpower
MPRegen 0.29/turn               X - ring of the Madman {rN+ Str+4 Int+6}

@: about to teleport, doom-hounded, studying 2 skills
A: cold resistance 1, negative energy resistance 3, torment resistance 2, heat
vulnerability 1, in touch with death 2, no potions
}: 2/15 runes: serpentine, barnacled
a: Renounce Religion, Unearth Wretches, Torment


You were on level 1 of the Crypt.
You worshipped Kikubaaqudgha.
Kikubaaqudgha was extremely pleased with you.
You visited 10 branches of the dungeon, and saw 43 of its levels.
You also visited: Ice Cave and Wizlab.

You collected 5097 gold pieces.
You spent 1453 gold pieces at shops.

Inventory:

Hand Weapons
 f - the +9 flail of Exoneration (weapon) {chaos, rElec rF+ Int+2}
   (You found it on level 2 of the Vaults)

   Each time it hits an enemy it has a different, random effect.
   Int:       It affects your intelligence (+2).
   rF:        It protects you from fire.
   rElec:     It insulates you from electricity.
 k - the +8 war axe "Gram" {flame, rPois rF+ Int+4 Stlth+}
   (You found it on level 1 of the Lair of Beasts)

   It burns those it strikes, dealing additional fire damage.
   Big, fiery blades are also staple armaments of hydra-hunters.
   Int:       It affects your intelligence (+4).
   rF:        It protects you from fire.
   rPois:     It protects you from poison.
   Stlth:     It makes you more stealthy.
 r - a +5 broad axe of electrocution
 z - a +0 demon blade of flaming
 J - the +12 pair of quick blades "Gyre" and "Gimble" {protect}
   (You found it on level 1 of the Crypt)

   It grants its wielder temporary protection when it strikes (+7 to AC).
 R - the +8 Wrath of Trog {antimagic, *Rage Rampage}
   (You took it off a deep elf demonologist on level 3 of the Elven Halls)

   It reduces the magical energy of the wielder, and disrupts the spells and
   magical abilities of those it strikes.
   Natural abilities and divine invocations are not affected.
   It causes slowness and exhaustion when equipped.
   It extends the wielder's berserk rage when killing foes.
   *Rage:     It berserks you when you make melee attacks (+50% chance).
   Rampage:   It bestows one free step when moving towards enemies.
 T - the +8 lance "Wyrmbane" {slay drac, rPois rF+ rC+ AC+3}
   (You took it off a deep elf high priest on level 3 of the Elven Halls)

   It inflicts extra damage against dragons and draconians.
   AC:        It affects your AC (+3).
   rF:        It protects you from fire.
   rC:        It protects you from cold.
   rPois:     It protects you from poison.
 V - a +5 demon whip
Missiles
 c - 2 throwing nets
 B - 7 boomerangs of dispersal
 M - 13 curare-tipped darts
Armour
 e - a +2 pair of gloves of stealth (worn)
 j - a +2 cloak (worn)
 u - +5 steam dragon scales
 w - a +2 robe of resistance
 y - a +3 buckler (worn)
 A - a scarf of resistance
 F - a +2 pair of boots (worn)
 S - a +2 robe of the Archmagi (worn)
 W - the +2 helmet "Linaus" (worn) {rN+}
   (You bought it in a shop on level 3 of the Vaults)

   rN:        It protects you from negative energy.
Magical Staves
 a - a staff of death
Jewellery
 h - an amulet of guardian spirit
 t - a ring of see invisible
 D - a +4 ring of protection
 G - an amulet of reflection (around neck)
 L - a ring of willpower (left hand)
 N - an amulet of faith
 P - a +4 ring of evasion
 X - the ring of the Madman (right hand) {rN+ Str+4 Int+6}
   (You acquired it on level 3 of the Depths)

   [ring of intelligence]

   Str:       It affects your strength (+4).
   Int:       It affects your intelligence (+6).
   rN:        It protects you from negative energy.
 Y - a ring of magical power
 Z - a ring of flight
Wands
 b - a wand of iceblast (39)
 n - a wand of light (31)
 p - a wand of flame (70)
 x - a wand of charming (35)
 C - a wand of digging (15)
 E - a wand of mindburst (21)
 K - a wand of polymorph (11)
Scrolls
 d - 7 scrolls of immolation
 i - 3 scrolls of silence
 l - 7 scrolls of teleportation
 m - 5 scrolls of amnesia
 o - 4 scrolls of magic mapping
 q - 4 scrolls of enchant weapon
 s - a scroll of acquirement
 v - 5 scrolls of poison
 H - 2 scrolls of blinking
 I - 2 scrolls of fear
 O - 2 scrolls of brand weapon
 U - 5 scrolls of vulnerability
Miscellaneous
 g - a condenser vane
 Q - a phial of floods


   Skills:
 + Level 17.1 Fighting
 - Level 17.0 Maces & Flails
 - Level 3.0 Armour
 - Level 17.0 Dodging
 - Level 3.0 Stealth
 - Level 6.0 Shields
 - Level 17.0 Spellcasting
 - Level 6.0 Hexes
 O Level 27 Necromancy
 - Level 6.0 Earth Magic


You had 11 spell levels left.
You knew the following spells:

 Your Spells              Type           Power      Damage    Failure   Level
a - Death Channel         Necr           96%        N/A       0%          6
b - Vampiric Draining     Necr           100%       2d13      0%          3
c - Animate Dead          Necr           100%       N/A       0%          4
d - Dispel Undead         Necr           100%       3d31      0%          4
e - Agony                 Necr           100%       N/A       0%          5
f - Anguish               Hex/Necr       82%        N/A       1%          4
g - Borgnjor's Vile Clut  Necr/Erth      82%        N/A       1%          5
h - Infestation           Necr           96%        N/A       1%          8
i - Haunt                 Necr/Summ      77%        N/A       6%          7

Your spell library contained the following spells:

 Spells                   Type           Power      Damage    Failure   Level
 Necrotise                Necr           100%       1d9       0%          1
 Magic Dart               Conj           100%       1d8       1%          1
 Sandblast                Erth           100%       2d20      1%          1
 Passwall                 Tmut/Erth      51%        N/A       1%          2
 Confusing Touch          Hex            78%        N/A       1%          3
 Dazzling Flash           Conj/Hex       100%       N/A       1%          3
 Portal Projectile        Hex/Tloc       100%       N/A       1%          3
 Stone Arrow              Conj/Erth      100%       3d13      1%          3
 Summon Guardian Golem    Hex/Summ       62%        N/A       1%          3
 Tukima's Dance           Hex            78%        N/A       1%          3
 Corpse Rot               Necr/Pois/Air  100%       N/A       1%          4
 Leda's Liquefaction      Hex/Erth       39%        N/A       1%          4
 Simulacrum               Ice/Necr       77%        N/A       1%          6
 Call Imp                 Summ           40%        N/A       2%          2
 Poisonous Vapours        Pois/Air       80%        N/A       2%          2
 Searing Ray              Conj           80%        2d7       2%          2
 Static Discharge         Conj/Air       40%        3-8/arc   2%          2
 Call Canine Familiar     Summ           40%        N/A       5%          3
 Conjure Flame            Conj/Fire      40%        6-21      5%          3
 Gell's Gravitas          Tloc           40%        N/A       5%          3
 Ignite Poison            Fire/Tmut/Pois 40%        N/A       5%          3
 Mephitic Cloud           Conj/Pois/Air  40%        N/A       5%          3
 Ozocubu's Armour         Ice            40%        N/A       5%          3
 Teleport Other           Tloc           40%        N/A       5%          3
 Fulminant Prism          Conj/Hex       31%        3d16      5%          4
 Metabolic Englaciation   Hex/Ice        31%        N/A       16%         5
 Silence                  Hex/Air        31%        N/A       16%         5
 Summon Mana Viper        Hex/Summ       62%        N/A       16%         5
 Yara's Violent Unravell  Hex/Tmut       31%        3d13      16%         5
 Sticky Flame             Conj/Fire      40%        2d6       19%         4
 Alistair's Intoxication  Tmut/Pois      26%        N/A       45%         5
 Fireball                 Conj/Fire      20%        3d10      45%         5
 Irradiate                Conj/Tmut      20%        3d18      45%         5
 Iskenderun's Battlesphe  Conj           40%        2d9       45%         5
 Iron Shot                Conj/Erth      31%        9d6       63%         6
 Enfeeble                 Hex            39%        N/A       80%         7
 Conjure Ball Lightning   Conj/Air       20%        3x3d6     96%         6
 Dispersal                Tloc           20%        N/A       96%         6
 Eringya's Noxious Bog    Tmut/Pois      20%        N/A       96%         6
 Starburst                Conj/Fire      20%        6d7       96%         6
 Orb of Destruction       Conj           20%        9d8       100%        7
 Ozocubu's Refrigeration  Ice            20%        4d11      100%        7
 Spellforged Servitor     Conj/Summ      20%        N/A       100%        7
 Disjunction              Tloc           20%        N/A       100%        8
 Ignition                 Fire           20%        3d7       100%        8
 Blade Hands              Tmut           Unusable   N/A       N/A         5

Dungeon Overview and Level Annotations

Branches:
Dungeon (15/15)            Temple (1/1) D:6            Lair (5/5) D:10
 Shoals (4/4) Lair:2        Snake (4/4) Lair:3        Slime (0/5) Lair:5
    Orc (2/2) D:9             Elf (3/3) Orc:2        Vaults (4/5) D:13
  Crypt (1/3) Vaults:2     Depths (4/4) D:15            Zot (0/5) Depths:4
  IceCv (visited)          WizLab (visited)

Altars:
Ashenzari
Cheibriados
Dithmenos
Fedhas
Gozag
Hepliaklqana
Kikubaaqudgha
Makhleb
Nemelex Xobeh
Okawaru
Qazlal
Ru
Sif Muna
Trog
Uskayaw
Vehumet
Wu Jian
Xom
Yredelemnul

Shops:
D:6 *   D:7 !   D:9 :   D:12 (   Orc:2 ?([=!:([(   Elf:2 [   Elf:3 :
Snake:1 [*   Vaults:1 (   Vaults:3 [([

Portals:
Hell: Depths:1 Depths:2 Depths:3 Depths:4
Abyss: Depths:2* Depths:3
Pandemonium: Depths:2
Ziggurat: Depths:4
Trove: D:14 (give +5 demon blade)

Annotations:
D:6 2 transporters, MacCMillion's ghost, novice TrFi
D:7 ymhsbmbesitwf's ghost, novice HOFi
Shoals:3 3 runed translucent doors
Depths:2 2 transporters, duchin's ghost, adept HOGl


Innate Abilities, Weirdness & Mutations

You are immune to poison.
Your flesh is cold resistant. (rC+)
You are immune to negative energy. (rN+++)
You are immune to unholy pain and torment.
You are vulnerable to heat. (rF-)
You are strongly in touch with the powers of death.
You do not drink.


Message History

You feel a huge surge of power!
You call forth a plague of scarabs!
The tormentor is infested!
Your death scarab is unaffected.
The doom hound is infested!
The reaper is infested!
The hell beast is unaffected.
The zombie hands constrict the jiangshi.
The zombie hands constrict the hell beast!
The zombie hands constrict the reaper! x2
Your death scarab barely misses the tormentor.
The jiangshi struggles to escape constriction.
Your death scarab bites the tormentor.
The tormentor hits you but does no damage.
You block the tormentor's attack.
The doom hound bites you but does no damage.
You block the doom hound's attack. The hell beast bites you.
The hell beast closely misses you.
Your death scarab closely misses the tormentor.
The reaper hits you from afar with a +1 scythe of venom!!
The reaper hits you from afar with a +5 scythe of venom!!
As you read the scroll of teleportation, it crumbles to dust.
You feel strangely unstable.
The zombie hands constrict the jiangshi!!
The zombie hands constrict the hell beast!!
The zombie hands constrict the reaper! x2
Your death scarab barely misses the tormentor.
You block the hell beast's attack. x2; The doom hound barely misses you.
The doom hound claws you!
* * * LOW HITPOINT WARNING * * *
Your death scarab barely misses the tormentor.
The tormentor hits you but does no damage. x2
The hell beast bites you!
* * * LOW HITPOINT WARNING * * *
You block the hell beast's attack. The doom hound completely misses you.
The doom hound misses you.
The reaper says, "Everyone has to die sometime, and your time is now."
The reaper hits you from afar with a +1 scythe of venom!!!
* * * LOW HITPOINT WARNING * * *
The reaper hits you from afar with a +5 scythe of venom!!
You die...
Kikubaaqudgha rasps: "You have failed me!
Welcome... oblivion!"

##..##..[..##..##.≈
##..###.....###).##~
#..## #.....# ##..#≈
#.## #..⌠..# ##.#≈
#§# #.....+ #.#≈ #)#
#.....# #.#≈ #2##
###+### #.#≈ #.B##
..#≈ ##2@## .##~
##h2## ##.≈ ##.2#
##..≈ ##§Ve..VZ+
##...≈
###zVZZh###...≈≈
##Z####...≈~≈
≈≈≈~≈≈≈≈≈.
≈≈~≈≈≈≈≈..
.......###


You could see a doom hound (infested), a hell beast (infested, clutched), 2
reapers, a deep elf death mage, 2 jiangshi, a spectral iron dragon (infested), a
tormentor (infested, slow, ally target), a flying skull and a friendly death
scarab.

Vanquished Creatures
  Saint Roka (Elf:3)
  A golden dragon (Depths:2)
  A bone dragon (Depths:4)
  An Ice Fiend (IceCv)
  A titan (Vaults:4)
  2 liches
  A walking crystal tome (Depths:3)
  The ghost of Dadghomedgh the Thaumaturge, an adept GnHW of Sif Muna (Snake:1)
  2 deep elf master archers (Elf:3)
  A deep elf blademaster (Elf:3)
  An acid blob (Lair:5)
  2 sphinxes
  2 ancient champions (WizLab)
  3 revenants
  2 tengu reavers
  A draconian monk (Depths:4)
  A storm dragon (Depths:3)
  3 nagarajas
  5 vault wardens
  An iron dragon (Depths:2)
  A frost giant (Depths:1)
  2 deep elf elementalists (Elf:3)
  A spectral caustic shrike (WizLab)
  An orc warlord (Orc:2)
  A deep elf sorcerer (Elf:3)
  A spriggan defender (Depths:1)
  A caustic shrike skeleton (Crypt:1)
  An ironbound thunderhulk (Vaults:2)
  8 very ugly things
  11 ironbound preservers
  3 stone giants
  4 vampire knights
  A purple draconian (Depths:4)
  3 deep elf demonologists (Elf:3)
  2 deep elf annihilators
  Azrael (D:13)
  2 spectral titans (WizLab)
  A red draconian (Depths:4)
  A spark wasp (Depths:2)
  3 dire elephants (Vaults:1)
  A yellow draconian (Depths:4)
  3 eidola
  3 ettins
  A white draconian (Depths:4)
  3 jiangshi
  4 merfolk javelineers (Shoals:4)
  A quicksilver dragon zombie (WizLab)
  4 merfolk impalers
  2 deep elf high priests (Elf:3)
  A spectral quicksilver dragon (WizLab)
  3 deep elf death magi (Crypt:1)
  A boulder beetle (D:14)
  6 fire dragons
  2 yaktaur captains
  6 great orbs of eyes
  The ghost of crompyre the Fighter, a journeyman DjCj of Makhleb (Lair:1)
  Erolcha (D:12)
  A catoblepas (Lair:4)
  A vault guard (Vaults:3)
  Harold (D:10)
  A caustic shrike simulacrum (IceCv)
  2 ice dragons
  3 ironbound frosthearts
  3 peacekeepers
  2 ogre magi
  7 two-headed ogres
  2 hydras
  7 naga warriors
  An alligator snapping turtle (Shoals:4)
  2 anacondas
  3 centaur warriors
  A deep troll earth mage (Vaults:3)
  5 tengu warriors
  8 naga sharpshooters
  An orc high priest (Orc:2)
  14 dancing weapons
  A spriggan berserker (Depths:2)
  8 deep elf knights
  2 vampire magi
  4 shock serpents
  8 hell knights
  A fire crab (shapeshifter) (Depths:4)
  3 shadow wraiths (WizLab)
  A spark wasp zombie (WizLab)
  An iron troll (Depths:4)
  A salamander mystic (Snake:1)
  4 sea snakes
  10 skeletal warriors
  A glowing orange brain (D:13)
  2 naga ritualists (Snake:2)
  4 deep trolls
  An orange crystal statue (D:13)
  6 flayed ghosts
  7 harpies
  An obsidian statue (IceCv)
  5 wizards
  2 lindwurms
  2 deep elf archers
  2 orc knights
  5 phantasmal warriors
  11 ironbound convokers
  9 spriggan simulacra (IceCv)
  Pikel (D:6)
  17 deep elf pyromancers
  A wolf spider (Lair:5)
  3 necromancers
  A spectral wolf spider (WizLab)
  3 salamanders
  7 deep elf zephyrmancers
  20 ugly things
  5 fauns
  8 cyclopes
  4 mana vipers
  5 orc sorcerers
  2 oklob plants
  6 manticores
  A faun (shapeshifter) (Vaults:4)
  A fire giant skeleton (Crypt:1)
  An elephant (Lair:4)
  4 merfolk sirens
  13 vault sentinels
  2 centaur zombies (D:15)
  12 black mambas
  2 water nymphs
  A black mamba (shapeshifter) (D:13)
  2 guardian serpents
  A titan simulacrum (Crypt:1)
  2 ice statues (Shoals:4)
  11 naga magi
  A gargoyle (D:12)
  2 unseen horrors
  2 cane toads
  A centaur skeleton (D:15)
  4 komodo dragons
  An efreet (D:15)
  7 yaktaurs
  A kobold demonologist (D:12)
  6 freezing wraiths
  7 ice devils (IceCv)
  A tengu conjurer (D:15)
  The ghost of kalagan the Conjurer, a novice DECj (D:5)
  3 rime drakes
  A meliai (shapeshifter) (Elf:2)
  A harpy zombie (WizLab)
  5 hornets
  4 polar bears
  9 trolls
  16 merfolk
  A wolf spider simulacrum (D:15)
  2 wind drakes
  16 slime creatures
  6 blink frogs
  2 ettin zombies (Orc:2)
  6 snapping turtles
  3 dream sheep
  An air elemental (Elf:3)
  3 flying skulls (WizLab)
  A dire elephant simulacrum (IceCv)
  A spectral black mamba (Crypt:1)
  Sigmund (D:6)
  A naga simulacrum (Crypt:1)
  A jumping spider (Vaults:4)
  A shadow (D:11)
  2 wraiths (Crypt:1)
  4 wyverns
  8 spriggans (Lair:5)
  11 water elementals
  37 yaks
  A slime creature zombie (D:10)
  A fire elemental (D:13)
  2 small abominations (Depths:3)
  A wind drake zombie (Crypt:1)
  A black mamba skeleton (Crypt:1)
  Eustachio (D:5)
  9 minotaur simulacra (IceCv)
  3 chaos spawn (Depths:3)
  A steam dragon (D:7)
  4 basilisks
  2 harpy simulacra (IceCv)
  A warg (Orc:2)
  Menkaure (D:5)
  12 nagas
  12 vampire mosquitoes
  4 acid dragons
  19 water moccasins
  2 hell hounds (D:13)
  24 orc warriors
  5 ice beasts
  A sky beast (D:7)
  4 black bears
  3 alligator simulacra (IceCv)
  3 ettin simulacra (IceCv)
  8 ogres
  7 boggarts
  16 wolves (Lair:5)
  7 centaurs
  A phantom (D:6)
  2 kobold brigands (D:9)
  2 earth elementals
  11 bullfrogs
  6 deep troll simulacra (IceCv)
  2 gnoll sergeants (D:9)
  2 scorpions
  A glowing shapeshifter simulacrum (Vaults:4)
  5 necrophages
  A warg zombie (Orc:2)
  A yak zombie (D:10)
  A cyclops skeleton (Crypt:1)
  16 killer bees
  A lindwurm simulacrum (IceCv)
  4 howler monkeys
  2 electric eels
  A lava snake (D:13)
  19 orc priests
  A hound (D:4)
  2 jellies
  A gnoll bouda (Orc:2)
  A black bear zombie (D:10)
  Crazy Yiuf (D:7)
  Jessica (D:2)
  Terence (D:3)
  16 orc wizards
  3 iguanas
  A boggart skeleton (D:15)
  5 gnolls (Orc:2)
  4 orc zombies (Orc:2)
  3 adders (D:5)
  2 shadow imps
  An ufetubus (D:4)
  3 worms
  3 dart slugs (D:3)
  68 orcs
  5 ball pythons
  4 bats
  3 endoplasms
  5 giant cockroaches
  10 goblins
  5 hobgoblins
  7 jackals
  7 kobolds
  8 quokkas
  7 frilled lizards
  3 rats
  2 tentacles
1025 creatures vanquished.

Vanquished Creatures (collateral kills)
  Mara (Snake:4)
  A juggernaut (Depths:1)
  Boris (Vaults:4)
  Xtahua (Vaults:3)
  A caustic shrike (Depths:2)
  Margery (Vaults:4)
  Nikola (Snake:3)
  A pearl dragon (Depths:2)
  2 bone dragons
  Jorgrun (D:14)
  A tentacled monstrosity (Depths:3)
  A lich (Depths:2)
  A walking earthen tome (Depths:3)
  Asterion (Snake:3)
  2 deep elf blademasters
  2 krakens
  A deep elf master archer (Elf:3)
  2 acid blobs (Lair:5)
  3 sphinxes
  Kirke (Lair:3)
  3 tengu reavers
  Ilsuiw (Shoals:2)
  2 shadow dragons (Depths:3)
  A storm dragon (Depths:3)
  6 nagarajas
  An iron dragon (Depths:2)
  A revenant (WizLab)
  2 frost giants
  10 vault wardens
  A caustic shrike zombie (WizLab)
  Aizul (Elf:1)
  2 deep elf sorcerers (Elf:3)
  2 deep elf elementalists (Elf:3)
  3 spriggan defenders (Depths:2)
  13 very ugly things
  5 ironbound thunderhulks
  7 ironbound preservers
  5 stone giants
  A war gargoyle (Vaults:4)
  4 deep elf demonologists
  2 entropy weavers
  2 green draconians (Depths:4)
  An apis (Depths:2)
  5 deep elf annihilators (Elf:3)
  8 dire elephants
  4 halazid warlocks (WizLab)
  A white draconian (Depths:4)
  A spark wasp (Depths:2)
  A purple draconian (Depths:4)
  An eidolon (WizLab)
  4 deep elf death magi
  A fire dragon (Depths:4)
  3 ettins
  A deep elf high priest (Elf:3)
  4 merfolk impalers
  2 crystal guardians
  A quicksilver dragon zombie (WizLab)
  A jiangshi (WizLab)
  3 yaktaur captains
  6 great orbs of eyes
  A peacekeeper (Vaults:4)
  A hell beast (Depths:2)
  5 rakshasas
  10 ice dragons
  2 spriggan air magi
  3 ironbound frosthearts
  3 vault guards (Vaults:4)
  3 hydras
  2 boulder beetles
  2 merfolk avatars
  2 merfolk aquamancers
  6 centaur warriors (Vaults:1)
  4 anacondas
  19 naga warriors
  14 dancing weapons
  A satyr (Shoals:4)
  2 hell hogs
  A two-headed ogre (D:15)
  3 deep troll shamans
  3 deep troll earth magi (Depths:2)
  An alligator snapping turtle (Shoals:4)
  2 orc high priests
  4 naga sharpshooters
  5 hell knights
  3 soul eaters (Depths:1)
  2 vampire magi
  2 spriggan berserkers (Depths:2)
  3 shock serpents
  13 deep elf knights
  3 skeletal warriors
  7 iron trolls
  A fire crab (D:14)
  A salamander mystic (Depths:3)
  A spectral spark wasp (WizLab)
  2 flayed ghosts (Depths:1)
  32 deep trolls
  5 wizards
  9 sea snakes
  5 naga ritualists (Snake:4)
  4 glowing orange brains
  12 ironbound convokers
  7 deep elf archers
  6 harpies
  A harpy (shapeshifter) (Elf:1)
  7 necromancers
  A wolf spider zombie (WizLab)
  6 phantasmal warriors
  15 deep elf zephyrmancers
  A sphinx zombie (Vaults:4)
  9 mana vipers
  17 deep elf pyromancers
  An orc sorcerer (Orc:1)
  22 ugly things
  A cyclops (Orc:1)
  A spectral spriggan (WizLab)
  4 salamanders
  6 manticores
  9 fauns
  2 elephants (Lair:4)
  5 guardian serpents (Snake:4)
  34 black mambas
  3 water nymphs
  14 merfolk sirens
  A black mamba (shapeshifter) (Depths:3)
  15 naga magi
  15 vault sentinels
  A torpor snail (Lair:5)
  An eye of devastation (shapeshifter) (Vaults:1)
  4 smoke demons (Depths:1)
  2 rime drakes
  2 unseen horrors (Depths:3)
  3 cane toads
  2 komodo dragons (Lair:1)
  An anaconda simulacrum (IceCv)
  A kobold demonologist (D:9)
  18 yaktaurs
  2 tengu conjurers (Depths:1)
  2 harpy zombies (WizLab)
  A spectral naga (Snake:1)
  A yaktaur skeleton (Vaults:4)
  17 merfolk
  A troll (Orc:1)
  2 wind drakes (Shoals:2)
  2 hornets (Depths:2)
  9 blink frogs
  21 slime creatures
  9 dream sheep
  3 snapping turtles
  A spriggan zombie (WizLab)
  A human simulacrum (Vaults:4)
  10 flying skulls (WizLab)
  8 spriggans
  4 air elementals (Elf:1)
  3 large abominations (Depths:3)
  A wraith (Vaults:2)
  2 wyverns
  3 fire elementals
  A hog (Lair:3)
  20 yaks
  11 water elementals
  2 small abominations (Depths:3)
  A redback (Vaults:4)
  3 chaos spawn (Depths:3)
  A basilisk (Lair:1)
  A vampire mosquito (D:10)
  A warg (Orc:2)
  2 water moccasins
  31 nagas
  An acid dragon (D:9)
  A human skeleton (Vaults:3)
  4 black bears
  An ogre skeleton (Vaults:3)
  6 orc warriors
  2 boggarts (D:14)
  6 centaurs
  An ettin simulacrum (Vaults:3)
  5 ogres
  A phantom (D:7)
  6 wolves (Lair:5)
  An earth elemental (Elf:2)
  4 bullfrogs
  A cyclops zombie (D:10)
  A scorpion (D:10)
  2 deep troll simulacra (IceCv)
  6 killer bees (D:10)
  5 howler monkeys
  3 orc priests
  A gnoll bouda (D:10)
  3 orc wizards
  8 orcs
  An endoplasm (D:2)
  A goblin (D:4)
  A jackal (D:4)
  A frilled lizard (D:3)
  5 bushes (Lair:3)
  4 plants
  A tentacle (Shoals:4)
851 creatures vanquished.

Vanquished Creatures (others)
  7 juggernauts
  Bai Suzhen (Vaults:4)
  5 golden dragons
  4 caustic shrikes
  A quicksilver dragon (Vaults:4)
  A kraken (Shoals:4)
  A deep elf blademaster (Elf:3)
  6 titans
  5 sphinxes
  6 shadow dragons
  5 tengu reavers
  7 fire giants
  5 storm dragons
  A deep elf sorcerer (Elf:1)
  An orc warlord (Orc:1)
  4 iron dragons
  6 frost giants
  3 caustic shrike zombies
  4 vault wardens
  12 stone giants
  An ironbound preserver (Vaults:2)
  9 very ugly things
  2 juggernaut zombies
  A war gargoyle (Vaults:4)
  4 spriggan defenders
  An ophan (Depths:2)
  A demonspawn corrupter (WizLab)
  An ironbound thunderhulk (Vaults:4)
  A deep elf demonologist (Elf:3)
  5 dire elephants
  2 deep elf annihilators
  A purple draconian (Depths:4)
  A spark wasp (Depths:2)
  3 very ugly thing zombies (Depths:1)
  12 ettins
  A deep elf death mage (Vaults:4)
  A deep elf high priest (WizLab)
  A merfolk javelineer (Shoals:4)
  3 great orbs of eyes
  3 merfolk impalers
  10 fire dragons
  7 yaktaur captains
  14 spriggan zombies
  2 spriggan air magi
  8 hydras
  2 ogre magi
  5 merfolk aquamancers
  3 boulder beetles
  4 ice dragons
  3 ironbound frosthearts (Vaults:2)
  2 vault guards
  4 centaur warriors
  7 anacondas
  5 naga warriors
  2 two-headed ogres
  3 deep troll shamans
  A death yak (Lair:4)
  2 satyrs (Shoals:4)
  5 tengu warriors
  2 hell hogs (Depths:1)
  4 titan zombies
  A vampire mage (Depths:2)
  9 deep troll earth magi
  An orc high priest (Orc:1)
  A sun demon (Depths:1)
  7 hell knights
  7 shock serpents
  A spriggan berserker (Depths:4)
  7 naga sharpshooters
  2 storm dragon zombies
  14 deep elf knights
  Sonja (Orc:1)
  An iron troll (Depths:2)
  3 salamander mystics
  A golden dragon zombie (Depths:1)
  10 deep trolls
  3 spark wasp zombies (Depths:2)
  10 sea snakes
  2 glowing orange brains (shapeshifter)
  12 deep elf archers (Elf:3)
  An anaconda zombie (Snake:3)
  3 naga ritualists
  A flayed ghost (Depths:2)
  7 ironbound convokers
  A glowing orange brain (Vaults:4)
  3 lindwurms
  A wolf spider zombie (D:14)
  18 harpies
  2 wizards
  23 deep elf zephyrmancers
  18 deep elf pyromancers
  6 ugly thing zombies
  An iron dragon zombie (Depths:2)
  A necromancer (Vaults:4)
  3 frost giant zombies
  2 shining eyes (shapeshifter)
  4 sphinx zombies
  2 fire giant zombies
  6 salamanders
  5 mana vipers
  3 orc sorcerers
  2 stone giant zombies
  3 wolf spiders
  3 ugly things
  A manticore (shapeshifter) (Depths:2)
  3 fauns
  6 manticores
  2 cyclopes
  23 black mambas
  A shock serpent zombie (Snake:2)
  A cyclops (shapeshifter) (Depths:2)
  10 vault sentinels
  27 elf zombies
  2 elephants (Lair:4)
  A water nymph (shapeshifter) (Vaults:4)
  5 guardian serpents
  8 naga magi
  2 water nymphs
  5 merfolk sirens
  A demonspawn zombie (WizLab)
  4 cane toads
  3 torpor snails (Lair:5)
  An alligator snapping turtle zombie (Shoals:4)
  3 yaktaurs
  4 komodo dragons
  9 rime drakes
  4 yaktaur zombies
  8 sea snake zombies
  A tengu conjurer (Depths:1)
  3 polar bears
  8 merfolk
  A hornet (Depths:2)
  3 hydra zombies
  2 mana viper zombies (Snake:4)
  4 wind drakes
  2 blink frogs
  8 harpy zombies
  9 snapping turtles
  4 great orb of eyes zombies
  A dream sheep (shapeshifter) (Depths:2)
  A guardian serpent zombie (Snake:4)
  2 ettin zombies (Depths:2)
  6 dream sheep
  A boulder beetle zombie (Lair:5)
  4 ice dragon zombies
  8 deep troll zombies
  A satyr zombie (Shoals:4)
  4 fire dragon zombies
  4 slime creatures
  12 black mamba zombies
  A basilisk (Lair:4)
  10 yaks
  2 wind drake zombies
  4 slime creature zombies (Vaults:1)
  3 hogs (Lair:3)
  8 nagas
  A water nymph zombie (Shoals:1)
  A faun zombie (Shoals:4)
  3 wargs
  2 hell hounds (D:13)
  4 cane toad zombies
  14 orc warriors
  4 snapping turtle zombies
  4 ice beasts (IceCv)
  9 human zombies
  3 hornet zombies (Depths:2)
  16 merfolk zombies
  3 ogres
  2 lindwurm zombies
  A black bear (D:10)
  8 blink frog zombies
  A centaur (D:10)
  A dream sheep zombie (Depths:2)
  3 wolves (Lair:5)
  8 rime drake zombies
  4 kobold brigands
  2 vampire mosquito zombies (D:10)
  A gnoll sergeant (D:9)
  3 bullfrogs
  A cyclops zombie (Depths:2)
  3 water moccasin zombies
  2 warg zombies (Elf:3)
  2 polar bear zombies
  7 naga zombies
  16 yak zombies
  9 tengu zombies
  A howler monkey (D:10)
  A wolf zombie (Lair:5)
  9 centaur zombies
  3 bullfrog zombies
  A jelly (D:13)
  2 orc wizards
  10 killer bee zombies
  6 ogre zombies
  2 ice beast zombies (IceCv)
  4 howler monkey zombies (D:10)
  A gnoll (Orc:1)
  A gnoll zombie (D:9)
  A jelly zombie (D:13)
  8 orcs
  A ball python (D:9)
  A giant cockroach (D:13)
  A goblin (D:15)
  A kobold (D:9)
  A quokka (D:9)
  2 ball python zombies
  A giant cockroach zombie (D:13)
  5 kobold zombies
  25 orc zombies
  103 fungi
  195 plants
  31 tentacles
1252 creatures vanquished.

Grand Total: 3128 creatures vanquished

Notes
Turn   | Place    | Note
-------+----------+-------------------------------------------
     0 | D:1      | Gabide the Mummy Necromancer began the quest for the Orb.
     0 | D:1      | Reached XP level 1. HP: 13/13 MP: 4/4
   277 | D:1      | Reached XP level 2. HP: 19/19 MP: 1/6
   780 | D:1      | Reached skill level 1 in Fighting
  1251 | D:1      | Gained mutation: You are in touch with the powers of death.
                  | [Mummy growth]
  1251 | D:1      | Reached XP level 3. HP: 26/26 MP: 5/7
  1737 | D:2      | Noticed Jessica
  1740 | D:2      | Killed Jessica
  1743 | D:2      | Reached XP level 4. HP: 34/34 MP: 4/8
  1747 | D:2      | Learned a level 3 spell: Vampiric Draining
  1879 | D:2      | Found a faded altar of an unknown god.
  2181 | D:3      | Reached skill level 1 in Maces & Flails
  2726 | D:3      | Reached XP level 5. HP: 24/41 MP: 1/9
  2881 | D:3      | Noticed Terence
  2888 | D:3      | Killed Terence
  3597 | D:4      | Reached XP level 6. HP: 41/47 MP: 3/10
  3894 | D:4      | Reached skill level 5 in Necromancy
  4247 | D:4      | Reached skill level 6 in Necromancy
  4445 | D:4      | Reached XP level 7. HP: 39/52 MP: 11/11
  4578 | D:5      | Entered Level 5 of the Dungeon
  4771 | D:5      | Found an opulent altar of Gozag.
  4789 | D:5      | Reached skill level 5 in Fighting
  4838 | D:5      | Noticed Eustachio
  4854 | D:5      | Killed Eustachio
  5164 | D:5      | Noticed Menkaure
  5166 | D:5      | Killed Menkaure
  5167 | D:5      | Reached skill level 5 in Maces & Flails
  5167 | D:5      | Reached XP level 8. HP: 64/64 MP: 12/12
  5267 | D:5      | Reached skill level 1 in Armour
  5546 | D:5      | Found the +7 staff of the Meek {protect, meekguard}
  5578 | D:5      | Found a runed translucent door.
  5677 | D:5      | Noticed kalagan's ghost (novice DECj)
  5765 | D:5      | Killed kalagan's ghost
  5850 | D:6      | Found a staircase to the Ecumenical Temple.
  5882 | Temple   | Entered the Ecumenical Temple
  6032 | Temple   | Became a worshipper of Kikubaaqudgha
  6260 | D:6      | Reached skill level 5 in Dodging
  6459 | D:6      | Found a transporter.
  6459 | D:6      | Noticed MacCMillion's ghost (novice TrFi)
  6462 | D:6      | Found a transporter.
  6463 | D:6      | Noticed a two-headed ogre
  6490 | D:6      | Learned a level 4 spell: Animate Dead
  6615 | D:6      | Noticed Pikel
  6635 | D:6      | Killed Pikel
  6636 | D:6      | Reached XP level 9. HP: 54/69 MP: 12/15
  6725 | D:6      | Reached skill level 5 in Spellcasting
  6929 | D:6      | Noticed Sigmund
  6936 | D:6      | Killed Sigmund
  6990 | D:6      | Found Lerir's Assorted Antiques.
  7014 | D:6      | Reached skill level 7 in Necromancy
  7138 | D:6      | Bought a scroll labelled ZECIMYD NAESM for 23 gold pieces
  7138 | D:6      | Bought a scroll labelled XIADEO CAXOTT for 23 gold pieces
  7138 | D:6      | Bought a scroll labelled QUATTE ZOSTAF for 23 gold pieces
  7298 | D:6      | Found a bloodstained altar of Trog.
  7586 | D:6      | Reached skill level 8 in Necromancy
  7890 | D:7      | Noticed a manticore
  7896 | D:7      | Killed a manticore
  8180 | D:7      | Reached skill level 9 in Necromancy
  8396 | D:7      | Reached XP level 10. HP: 68/76 MP: 2/19
  8543 | D:7      | Found Adan Yda's Distillery.
  8552 | D:7      | Reached * piety under Kikubaaqudgha
  8552 | D:7      | Received a gift from Kikubaaqudgha
  9253 | D:7      | Found a runed translucent door.
  9254 | D:7      | Noticed Crazy Yiuf
  9432 | D:7      | Found a runed translucent door.
  9678 | D:7      | Noticed ymhsbmbesitwf's ghost (novice HOFi)
 10093 | D:7      | Killed Crazy Yiuf
 10204 | D:8      | Reached skill level 10 in Necromancy
 10570 | D:8      | Learned a level 4 spell: Dispel Undead
 10576 | D:8      | Learned a level 5 spell: Agony
 11063 | D:8      | Learned a level 4 spell: Anguish
 11090 | D:9      | Reached skill level 11 in Necromancy
 11247 | D:9      | Reached skill level 12 in Necromancy
 11971 | D:9      | Reached XP level 11. HP: 80/84 MP: 13/20
 12023 | D:9      | Found Ginuucwe's Book Emporium.
 12031 | D:9      | Bought Great Wizards, Vol. II for 380 gold pieces
 12187 | D:9      | Found a staircase to the Orcish Mines.
 12199 | D:9      | HP: 2/86 [gnoll sergeant/+0 trident (8)]
 13406 | D:10     | Entered Level 10 of the Dungeon
 13603 | D:10     | Found a staircase to the Lair.
 13612 | D:10     | Reached ** piety under Kikubaaqudgha
 14030 | D:10     | Identified the +2 trident of Doem {vorpal, Str+4 Stlth+}
 14251 | D:10     | Noticed Harold
 14268 | D:10     | Killed Harold
 15395 | Lair:1   | Entered Level 1 of the Lair of Beasts
 15448 | Lair:1   | HP: 3/89 [blink frog (5)]
 15452 | Lair:1   | Reached XP level 12. HP: 4/95 MP: 1/25
 15818 | Lair:1   | Found a runed translucent gate.
 15818 | Lair:1   | Found a runed translucent gate.
 15818 | Lair:1   | Found a runed translucent gate.
 15822 | Lair:1   | Noticed crompyre's ghost (journeyman DjCj)
 15830 | Lair:1   | Killed crompyre's ghost
 16114 | Lair:1   | Identified the +8 war axe "Gram" {flame, rPois rF+ Int+4
                  | Stlth+}
 17042 | Lair:2   | Noticed an eight-headed hydra
 17068 | Lair:2   | Found a staircase to the Shoals.
 17147 | Lair:2   | Killed an eight-headed hydra
 17148 | Lair:2   | Reached skill level 1 in Shields
 18598 | Lair:3   | Reached skill level 13 in Necromancy
 18619 | Lair:3   | Noticed Kirke
 18630 | Lair:3   | Found a staircase to the Snake Pit.
 18641 | Lair:3   | Noticed a sphinx
 18642 | Lair:3   | Killed Kirke
 19033 | Lair:3   | Gained mutation: You are strongly in touch with the powers
                  | of death. [Mummy growth]
 19033 | Lair:3   | Reached XP level 13. HP: 96/101 MP: 25/26
 19049 | Lair:3   | Learned a level 5 spell: Borgnjor's Vile Clutch
 19058 | Lair:3   | Reached *** piety under Kikubaaqudgha
 19058 | Lair:3   | Received a gift from Kikubaaqudgha
 19512 | Lair:3   | Reached skill level 14 in Necromancy
 20505 | Lair:4   | Reached skill level 15 in Necromancy
 21309 | Lair:5   | Entered Level 5 of the Lair of Beasts
 21668 | Lair:5   | Found a shimmering altar of Xom.
 21725 | Lair:5   | Reached skill level 16 in Necromancy
 22339 | Lair:5   | Reached **** piety under Kikubaaqudgha
 22693 | Lair:5   | Reached skill level 17 in Necromancy
 22701 | Lair:5   | Reached XP level 14. HP: 75/108 MP: 4/27
 23853 | Lair:5   | Reached ***** piety under Kikubaaqudgha
 24072 | Lair:5   | Found a runed translucent door.
 24072 | Lair:5   | Noticed an acid blob
 24073 | Lair:5   | Found a staircase to the Slime Pits.
 24073 | Lair:5   | Noticed an acid blob
 24073 | Lair:5   | Noticed an acid blob
 24181 | Lair:5   | Killed an acid blob
 24185 | Lair:5   | Killed an acid blob
 24186 | Lair:5   | Reached skill level 18 in Necromancy
 24190 | Lair:5   | Killed an acid blob
 24787 | D:10     | Learned a level 6 spell: Death Channel
 25365 | D:11     | Reached skill level 10 in Fighting
 26423 | D:12     | Found Byggacesk's Weapon Shop.
 26434 | D:12     | Found a radiant altar of Vehumet.
 26522 | D:12     | Identified the +2 leather armour of Hoepp {Stlth+}
 27258 | D:12     | Noticed Erolcha
 27266 | D:12     | Killed Erolcha
 28327 | D:13     | Noticed Azrael
 28335 | D:13     | Killed Azrael
 28336 | D:13     | Reached skill level 10 in Maces & Flails
 28601 | D:13     | Found a gate to the Vaults.
 29363 | Orc:1    | Entered Level 1 of the Orcish Mines
 29368 | Orc:1    | Noticed an orc warlord
 29378 | Orc:1    | Killed an orc warlord
 29769 | Orc:2    | Entered Level 2 of the Orcish Mines
 29797 | Orc:2    | Found Qeucoluo's Jewellery Shoppe.
 29850 | Orc:2    | Found Liciam's Distillery.
 29853 | Orc:2    | Found Tidehil's Weapon Boutique.
 29879 | Orc:2    | Found a staircase to the Elven Halls.
 29911 | Orc:2    | Found Naewick's Armour Shop.
 29914 | Orc:2    | Bought a ring of willpower for 350 gold pieces
 29929 | Orc:2    | Reached XP level 15. HP: 120/120 MP: 25/28
 29978 | Orc:2    | Found Ymomouqi's Weapon Boutique.
 29995 | Orc:2    | Bought 3 curare-tipped darts for 21 gold pieces
 29999 | Orc:2    | Identified a scroll of acquirement
 30000 | Orc:2    | Acquired a staff of death
 30197 | Orc:2    | Found Painat's Magic Scroll Emporium.
 30202 | Orc:2    | Bought a scroll of enchant armour for 105 gold pieces
 30202 | Orc:2    | Bought a scroll of enchant armour for 105 gold pieces
 30580 | Orc:2    | Found Moxtol's Book Shop.
 31213 | Orc:2    | Noticed an orc warlord
 31225 | Orc:2    | Killed an orc warlord
 31558 | Orc:2    | Found Rees Cynade's Antique Weapon Boutique.
 31586 | Orc:2    | Found Athrot's Antique Armour Shop.
 31841 | Orc:1    | Noticed Sonja
 31843 | Orc:1    | Killed Sonja
 32408 | D:14     | Found a portal to a secret trove of treasure.
 32484 | D:14     | Reached skill level 10 in Dodging
 32604 | D:14     | Noticed Jorgrun
 32611 | D:14     | Killed Jorgrun
 32827 | D:14     | Found a hide-covered altar of Uskayaw.
 33836 | D:15     | Entered Level 15 of the Dungeon
 34718 | D:15     | Reached ****** piety under Kikubaaqudgha
 34982 | D:15     | Reached skill level 10 in Spellcasting
 35126 | D:15     | Received a gift from Kikubaaqudgha
 35797 | D:15     | Found a staircase to the Depths.
 36237 | Shoals:1 | Entered Level 1 of the Shoals
 36495 | Shoals:1 | Reached XP level 16. HP: 127/127 MP: 30/31
 38258 | Shoals:2 | Reached skill level 19 in Necromancy
 38259 | Shoals:2 | Noticed Ilsuiw
 38275 | Shoals:2 | Killed Ilsuiw
 38503 | Shoals:2 | Noticed a kraken
 38560 | Shoals:2 | Killed a kraken
 39219 | Shoals:3 | Found a runed translucent gate.
 39219 | Shoals:3 | Found a runed translucent gate.
 39219 | Shoals:3 | Found a runed translucent gate.
 39241 | Shoals:3 | Reached skill level 20 in Necromancy
 39264 | Shoals:3 | HP: 5/127 [water nymph/the raging water (21)]
 40853 | Shoals:4 | Entered Level 4 of the Shoals
 40870 | Shoals:4 | Found a frozen archway.
 41468 | IceCv    | Entered an ice cave
 42103 | IceCv    | Reached XP level 17. HP: 65/133 MP: 23/33
 42354 | IceCv    | Noticed an Ice Fiend
 42398 | IceCv    | Killed an Ice Fiend
 42399 | IceCv    | Reached skill level 21 in Necromancy
 44292 | Shoals:4 | Noticed a kraken
 44305 | Shoals:4 | Killed a kraken
 44306 | Shoals:4 | Reached skill level 22 in Necromancy
 44683 | Shoals:4 | Identified the +0 kite shield of Existentialism {rC+
                  | Slay+5}
 44693 | Shoals:4 | Learned a level 8 spell: Infestation
 44733 | Shoals:4 | Noticed a kraken
 44778 | Shoals:4 | Killed a kraken
 45169 | Shoals:4 | Got a barnacled rune of Zot
 46100 | Snake:1  | Entered Level 1 of the Snake Pit
 46104 | Snake:1  | Found a runed translucent door.
 46104 | Snake:1  | Noticed Dadghomedgh's ghost (adept GnHW)
 46110 | Snake:1  | Killed Dadghomedgh's ghost
 46523 | Snake:1  | Found Iphesy's Assorted Antiques.
 46523 | Snake:1  | Found Noimyin's Armour Boutique.
 46570 | Snake:1  | Reached skill level 23 in Necromancy
 46725 | Snake:1  | Bought a scroll of teleportation for 69 gold pieces
 46725 | Snake:1  | Bought a scroll of teleportation for 69 gold pieces
 47742 | Snake:1  | Reached XP level 18. HP: 102/140 MP: 4/34
 49653 | Snake:2  | Reached skill level 24 in Necromancy
 51742 | Snake:3  | Noticed Asterion
 51749 | Snake:3  | Killed Asterion
 51752 | Snake:3  | Noticed Nikola
 51779 | Snake:3  | Killed Nikola
 52750 | Snake:4  | Entered Level 4 of the Snake Pit
 52760 | Snake:4  | Noticed Mara
 52766 | Snake:4  | Killed Mara
 53668 | Snake:4  | Reached XP level 19. HP: 150/150 MP: 15/35
 53755 | Snake:4  | Got a serpentine rune of Zot
 54729 | Depths:1 | Entered Level 1 of the Depths
 55464 | Depths:1 | Reached skill level 25 in Necromancy
 55528 | Depths:1 | Noticed a juggernaut
 55534 | Depths:1 | Killed a juggernaut
 55739 | Depths:1 | Found a gateway to Hell.
 56071 | Depths:1 | Identified the +3 sling of Zuukka {vorpal, rElec rF+}
 56251 | Depths:1 | Found a sparkling altar of Nemelex Xobeh.
 56378 | Depths:2 | Reached XP level 20. HP: 140/157 MP: 22/37
 56559 | Depths:2 | Identified the +1 robe "Xekum" {Regen+}
 56656 | Depths:2 | Reached skill level 26 in Necromancy
 57386 | Depths:2 | Found a transporter.
 57427 | Depths:2 | Noticed a bone dragon
 57442 | Depths:2 | Killed a bone dragon
 57827 | Depths:2 | Found a transporter.
 57842 | Depths:2 | Found a one-way gate to the infinite horrors of the Abyss.
 57986 | Depths:2 | Noticed a profane servitor
 58359 | Depths:2 | Noticed duchin's ghost (adept HOGl)
 58378 | Depths:2 | Noticed a pearl dragon
 58388 | Depths:2 | Killed a pearl dragon
 58491 | Depths:2 | Noticed a golden dragon
 58493 | Depths:2 | Noticed a golden dragon
 58493 | Depths:2 | Noticed a caustic shrike
 58498 | Depths:2 | Killed a caustic shrike
 58499 | Depths:2 | Reached skill level 27 in Necromancy
 58503 | Depths:2 | Killed a golden dragon
 58894 | Depths:2 | Found a one-way gate leading to the halls of Pandemonium.
 59201 | Depths:3 | Acquired the ring of the Madman {rN+ Str+4 Int+6}
 59486 | Depths:3 | Reached skill level 15 in Fighting
 59664 | Depths:3 | Identified the +0 leather armour "Emoubirch" {rCorr}
 60333 | Depths:3 | Reached XP level 21. HP: 153/168 MP: 12/38
 60765 | Vaults:1 | Entered Level 1 of the Vaults
 61929 | Vaults:1 | Reached skill level 15 in Maces & Flails
 62428 | Vaults:1 | Found Efienuj's Weapon Shoppe.
 63908 | Vaults:2 | Identified the +9 flail of Exoneration {chaos, rElec rF+
                  | Int+2}
 64537 | Vaults:2 | Reached skill level 15 in Dodging
 65070 | Vaults:2 | HP: 3/168 [tengu reaver/+0 battleaxe (30)]
 66043 | Vaults:2 | Reached skill level 15 in Spellcasting
 66893 | Vaults:2 | Found a staircase to the Crypt.
 67591 | Vaults:3 | Reached XP level 22. HP: 169/177 MP: 23/41
 67616 | Vaults:3 | Found Faycw's Antique Armour Emporium.
 67626 | Vaults:3 | Bought a bloodstained helmet for 285 gold pieces
 67626 | Vaults:3 | Identified the +2 helmet "Linaus" {rN+} (You bought it in a
                  | shop on level 3 of the Vaults)
 68446 | Vaults:3 | Noticed Xtahua
 68453 | Vaults:3 | Killed Xtahua
 68841 | Vaults:3 | Found Ymnast's Armour Boutique.
 69068 | Vaults:3 | Found Xihikh's Antique Weapon Shop.
 69377 | Vaults:4 | Noticed Margery
 69386 | Vaults:4 | Killed Margery
 69489 | Vaults:4 | Noticed Bai Suzhen
 69491 | Vaults:4 | Noticed Boris
 69498 | Vaults:4 | Killed Bai Suzhen
 69503 | Vaults:4 | Killed Boris
 69657 | Vaults:4 | Found a magical portal.
 69666 | WizLab   | Entered Borgnjor's Mausoleum
 72449 | Vaults:4 | Found the +10 Black Knight's barding {ponderous, rPois rN+}
 73653 | Depths:4 | Entered Level 4 of the Depths
 73895 | Depths:4 | Reached XP level 23. HP: 158/187 MP: 5/43
 74949 | Depths:4 | Found a gate to the Realm of Zot.
 75573 | Depths:4 | Found a one-way gateway to a ziggurat.
 75866 | Depths:4 | Learned a level 7 spell: Haunt
 76178 | Elf:1    | Entered Level 1 of the Elven Halls
 76187 | Elf:1    | Paralysed by an air elemental for 1 turns
 76190 | Elf:1    | Paralysed by an air elemental for 1 turns
 76275 | Elf:1    | Noticed Aizul
 76280 | Elf:1    | Killed Aizul
 77244 | Elf:1    | Paralysed by an air elemental for 1 turns
 77820 | Elf:2    | Found Ageamn's Antique Armour Emporium.
 77902 | Elf:2    | Found a runed translucent gate.
 77902 | Elf:2    | Found a runed translucent gate.
 77902 | Elf:2    | Found a runed translucent gate.
 78865 | Elf:2    | Reached skill level 1 in Hexes
 78870 | Elf:2    | Reached skill level 1 in Earth Magic
 79744 | Elf:3    | Entered Level 3 of the Elven Halls
 79749 | Elf:3    | Noticed Saint Roka
 79758 | Elf:3    | Killed Saint Roka
 80410 | Elf:3    | HP: 7/187 [Hell Sentinel/damnation[a deep elf demonologist]
                  | (31)]
 80443 | Elf:3    | HP: 3/187 [deep elf knight/+0 long sword (8)]
 80452 | Elf:3    | Your ally Saint Roka died
 81251 | Elf:3    | Found Aginy's Book Shoppe.
 81366 | Elf:3    | Reached skill level 5 in Hexes
 81367 | Elf:3    | Reached XP level 24. HP: 195/195 MP: 8/44
 81401 | Elf:3    | Reached skill level 5 in Earth Magic
 81406 | Elf:3    | Reached skill level 5 in Shields
 81412 | Elf:3    | Found the +8 longbow "Zephyr" {speed, Dex+3 SInv}
 81558 | Elf:3    | Got the Incunable of Intoxication and Guile
 81582 | Elf:3    | Got Fimicke's Discourse on Transmigration
 81749 | Elf:3    | Got the Secrets of Scorched Beguiling
 81752 | Elf:3    | Identified the +0 chain mail "Yfeho" {Harm Regen+ Stlth+}
 81819 | Elf:3    | Identified the +3 chain mail of the Ward {Int+3}
 83245 | Crypt:1  | Entered Level 1 of the Crypt
 83780 | Crypt:1  | Found the +12 pair of quick blades "Gyre" and "Gimble"
                  | {protect}
 84245 | Crypt:1  | HP: 1/195 [reaper/+1 scythe of venom[a doom hound] (39)]
 84245 | Crypt:1  | Annihilated by a reaper

Illustrated notes

Levels and vault maps discovered:
D:1:      dpeg_arrival_rhombi, layout_basic, serial_corexii_hall,
          corexii_hall_statues_t, corexii_hall_statues_s,
          corexii_hall_statues_u, corexii_hall_statues_x, minmay_cupped
D:2:      layout_basic, basic_ecumenical_altar, minmay_strange_pillars,
          st_stairs_2, minmay_tree_intersection, uniq_jessica
D:3:      layout_loops_ring, supply_closet_lemuel, uniq_terence
D:4:      layout_layer_cave
D:5:      layout_cave_pools, nicolae_gozag_seed_capital,
          ebering_ghost_reflecting_pool, pf_guarded_unrand_meek, uniq_eustachio,
          uniq_menkaure
D:6:      layout_loops_corners, kennysheep_mini_moat,
          minmay_temple_entry_arrows, serial_shops, nicolae_shop_statue_plus,
          gammafunk_ghost_arena, uniq_sigmund, uniq_pikel
D:7:      layout_layer_cave, ebering_ghost_reflecting_pool, serial_shops, shop,
          uniq_crazy_yiuf_cottage
D:8:      layout_cave_pools
D:9:      layout_irregular_city, kennysheep_orc_monster_closet_entryway,
          serial_shops, nicolae_shop_stone, serial_column_ruins,
          column_ruins_hut, column_ruins_hut_pillars, column_ruins_open_tiny,
          column_ruins_open_large, column_ruins_corridor_straight,
          column_ruins_corridor_T, column_ruins_grid_1, column_ruins_grid_4,
          minmay_between
D:10:     layout_layer_cave, due_lair_maze_entry_diamond,
          dreamdust_gnoll_shepherd, uniq_harold
D:11:     layout_gridville
D:12:     layout_roguey, serial_shops, nicolae_square_shop, special_room
          [special_room_orc], minmay_misc_feat_rows, vehumet_altar_wand_db,
          uniq_erolcha
D:13:     layout_long_grid, david_vaults_2, minmay_misc_feat_iff,
          nicolae_lava_and_water, minmay_statue_bubble, uniq_azrael
D:14:     layout_roguey, nicolae_uskayaw_murder_on_the_dancefloor,
          enter_trove_3, kennysheep_two_boxes, uniq_jorgrun
D:15:     grunt_enter_depths_magical_seal, layout_stronghold,
          minmay_misc_feat_encased, chequers_serial_rivers_micro_c
Temple:   mainiacjoe_temple_cubbyholes
Lair:1:   layout_hall_layers, gammafunk_ghost_split, beast_lair_carwin_9
Lair:2:   layout_small_grid, elwin_shoals_entry_rocks, infiniplex_staircase_pool
Lair:3:   layout_gridlike, guppyfry_snake_entry_island, minivault_25,
          serial_bayou_lagoon_a, minmay_lair_oklob_bushes, lemuel_fruit_tree,
          serial_bayou_shore_b, uniq_kirke
Lair:4:   layout_regular_city, guppyfry_lair_drakes
Lair:5:   minmay_lair_end_enchanted_forest, layout_cave_pods, slime_entry_2,
          basic_altar, nicolae_lair_run_with_the_wolves, grunt_megastairs_5,
          infiniplex_staircase_pool_2
Shoals:1: layout_shoals
Shoals:2: layout_shoals, uniq_ilsuiw
Shoals:3: layout_shoals, nicolae_shoals_beach_cooler
Shoals:4: shoals_end_hangedman, layout_shoals,
          portal_ice_cave_entry_ice_statue_two
Snake:1:  layout_layer_cave, gammafunk_ghost_grave, special_room,
          nicolae_snake_ghostly_warrior_ritual, grunt_megastairs_4,
          minmay_shoptagon
Snake:2:  kennysheep_snake, layout_chambers, grunt_ministairs_15, drop_trap,
          guppyfry_library_mini
Snake:3:  nicolae_snake_attic_fulla_snakes, layout_rooms, uniq_asterion,
          uniq_nikola
Snake:4:  grunt_snake_rune_pools, layout_rooms, uniq_mara
Orc:1:    layout_caves, uniq_sonja
Orc:2:    grunt_orc_community_town_hall, layout_diamond_mine,
          grunt_orc_community_big_house_2, grunt_orc_community_big_house_2,
          grunt_orc_community_house_1, grunt_orc_community_house_3,
          grunt_orc_community_house_3, grunt_orc_community_house_2,
          serial_shops, shop, shop_fountains, nicolae_shop_stone,
          nicolae_shop_temple_entry_statues_fountains, shop
Elf:1:    nicolae_elf_arrival_aired_out, layout_gridlike, minivault_28,
          uniq_aizul
Elf:2:    elven_hall_of_blades_hangedman_original [nicolae_blade_bullseye],
          layout_geoelf_grid, serial_shops, shop, serial_sigils_hangedman_stare
Elf:3:    grunt_elf_hall_diamonds, layout_onion_city, serial_shops, shop,
          nicolae_elf_martial_mastery, uniq_saint_roka
Vaults:1: vaults_dpeg_spiral, hangedman_vaults_trim, v_misc_2, vaults_mumra_lcd,
          vaults_mumra_bighexcomb, ontoclasm_vaults_decontamination,
          nicolae_vaults_three_branches, v_alt_pattern_6,
          hangedman_vaults_variations, vaults_room_mumra_shop_pool,
          vaults_room_grunt_arrival_ludios, nicolae_vaults_little_squares_4,
          layout_vaults_omnibox
Vaults:2: nicolae_vaults_network_star, vaults_room_fours,
          ontoclasm_vaults_tryst, nicolae_vaults_little_squares_5,
          nicolae_vaults_twisting_passages, minmay_crypt_entry_simple_walls,
          dpeg_vaults_monster_row, nicolae_vaults_specimen_jars,
          st_spiral_rooms, vaults_room_large_hall, dpeg_vaults_monster_box,
          vaults_dpeg_emergency_exit, layout_vaults_big_room
Vaults:3: vaults_mumra_hexcomb, v_misc_11, nicolae_vaults_inception_scallops,
          ontoclasm_vaults_pinch, nicolae_vaults_asterisk,
          grunt_vaults_hallway_long, nicolae_vaults_diagonal_hallway_7,
          grunt_vaults_diagonal, v_pattern_1, grunt_vaults_funnel, v_misc_13,
          nicolae_vaults_diagonal_hallway_8, nicolae_vaults_alarming,
          nicolae_vaults_little_squares_5, layout_vaults_omnicross,
          serial_shops, nicolae_shop_overgrown_old_shop,
          nicolae_shop_competitors_out_of_business, shop, uniq_xtahua
Vaults:4: mu_enter_wizlab_4, v_misc_11, vaults_room_octagon,
          ontoclasm_vaults_chip, ontoclasm_vaults_ring_small,
          nicolae_vaults_network_quinsquares
          [nicolae_vaults_network_quincunx_subvault,
          nicolae_vaults_network_quincunx_subvault,
          nicolae_vaults_network_quincunx_subvault,
          nicolae_vaults_network_quincunx_subvault], v_misc_9,
          nicolae_vaults_ninety_degrees, v_misc_22,
          nicolae_vaults_little_squares_2, vaults_room_pool, vaults_room_fours,
          layout_vaults_omnigrid, uniq_boris, uniq_margery, uniq_bai_suzhen
Crypt:1:  lemuel_vampire_tower, layout_misc_corridors
Depths:1: layout_big_octagon, hellmouth_3, nemelex_diamond_rough_becter,
          minmay_holes, kennysheep_generic_room_12
Depths:2: minmay_expanding_squares, layout_basic, abyss_entry, pan_entry,
          gammafunk_ghost_abyssal_escape, corexii_hall_statues_u,
          grunt_mini_vestibule, hallowed_hall, serial_bayou_shore_b,
          grunt_megastairs_2
Depths:3: minmay_stepped, layout_gridlike, hex_intersection,
          minmay_room_of_horrors, hell_entry, infiniplex_staircase_pillars_2
Depths:4: grunt_twist_and_shout, layout_gridlike, enter_ziggurat_b, hell_entry,
          minmay_misc_feat_room

Skill      XL: |  1  2  3  4  5  6  7  8  9 10 11 12 13 14 15 16 17 18 19 20 21 22 23 24 |
---------------+-------------------------------------------------------------------------+-----
Spellcasting   | 3 4 6 9 11 12 13 15 16 17 | 17.0
Stealth        | 2 3 |  3.0
Dodging        | 2 3 6 7 9 12 13 15 16 17 | 17.0
Fighting       | 1 2 3 6 7 9 12 13 15 17 | 17.1
Maces & Flails | 3 5 6 9 11 12 13 14 15 16 17 | 17.0
Necromancy     | 6 9 12 13 17 18 20 23 24 25 27 | 27.0
Armour         | 2 3 |  3.0
Shields        | 3 4 6 |  6.0
Hexes          | 5 6 |  6.0
Earth Magic    | 4 6 |  6.0

Action                   |  1- 3 |  4- 6 |  7- 9 | 10-12 | 13-15 | 16-18 | 19-21 | 22-24 || total
-------------------------+-------+-------+-------+-------+-------+-------+-------+-------++-------
Melee: Unarmed           |     4 |       |       |       |       |       |       |       ||     4
       Whip              |       |    42 |    43 |       |       |       |       |       ||    85
       Quarterstaff      |       |       |   101 |   137 |       |       |       |       ||   238
       War axe           |       |       |       |    48 |   108 |    12 |   127 |       ||   295
       Staff             |       |       |       |       |   108 |   315 |       |       ||   423
       Flail             |       |       |       |       |       |       |   124 |   351 ||   475
Throw: Javelin           |       |     3 |     1 |       |       |       |       |       ||     4
 Cast: Necrotise         |    72 |    95 |    35 |     6 |       |       |       |       ||   208
       Vampiric Draining |       |     1 |    40 |   214 |   290 |   239 |   130 |   139 ||  1053
       Animate Dead      |       |       |     2 |     8 |    12 |    11 |     8 |     6 ||    47
       Anguish           |       |       |       |    16 |    78 |    98 |    68 |    33 ||   293
       Agony             |       |       |       |     1 |     9 |    17 |    24 |     6 ||    57
       Dispel Undead     |       |       |       |     4 |    25 |    44 |    13 |   102 ||   188
       Borgnjor's Vile C |       |       |       |       |   136 |   132 |    84 |    70 ||   422
       Death Channel     |       |       |       |       |    12 |    27 |    16 |    10 ||    65
       Infestation       |       |       |       |       |       |    42 |    67 |    61 ||   170
       Haunt             |       |       |       |       |       |       |       |     9 ||     9
Invok: Unearth Wretches  |       |       |       |     6 |    13 |    28 |    23 |    26 ||    96
       Torment           |       |       |       |       |     1 |     2 |     1 |     2 ||     6
       Receive Forbidden |       |       |       |       |     1 |       |       |       ||     1
Evoke: Wand              |       |       |     5 |       |       |       |       |       ||     5
  Use: Scroll            |       |     2 |     4 |    13 |    12 |    10 |     5 |    15 ||    61
 Stab: Distracted        |       |       |       |     4 |     3 |     2 |    10 |     2 ||    21
       Paralysed         |       |       |       |     1 |       |     4 |     3 |    17 ||    25
       Sleeping          |       |       |       |       |     7 |       |     1 |     2 ||    10
       Confused          |       |       |       |       |       |       |       |     2 ||     2
Armor: Robe              |     5 |    13 |    22 |       |       |       |   126 |   123 ||   289
       Leather armour    |       |       |    59 |    14 |       |       |       |       ||    73
       Steam dragon scal |       |       |       |   124 |   171 |   205 |     3 |       ||   503
Dodge: Dodged            |     6 |    35 |   141 |   344 |   374 |   403 |   243 |   296 ||  1842
Block: Buckler           |       |       |       |    27 |   199 |   449 |   250 |   259 ||  1184
       Reflection        |       |       |       |       |       |    28 |    15 |    27 ||    70
